 Dungeon Crawl Stone Soup version 0.30.1-11-g7821555f0a (webtiles) character file.

Game seed: 349058443248398926

252 Ijustatesigmund the Conjurer (level 6, -5/41 HPs)
             Began as an Octopode Conjurer on Jan 4, 2024.
             Was an Initiate of Vehumet.
             Slain by Ijyb
             ... wielding a +0 club
              (8 damage)
             ... on level 4 of the Dungeon.
             The game lasted 00:04:22 (3595 turns).

Ijustatesigmund the Conjurer (Octopode Conjurer)    Turns: 3595, Time: 00:04:22

Health: -5/41      AC:  1    Str:  7    XL:     6   Next: 14%
Magic:  2/11       EV: 13    Int: 22    God:    Vehumet [......]
Gold:   178        SH:  0    Dex: 10    Spells: 4/11 levels left

rFire   . . .        b - +1 dagger (speed)
rCold   . . .        (no shield)
rNeg    . . .        (helmet restricted)
rPois   .            (no amulet)
rElec   .            (no ring)
rCorr   .            (no ring)
SInv    .            (no ring)
Will    .....        (no ring)
Stlth   +++          (no ring)
HPRegen 0.26/turn    (no ring)
MPRegen 0.12/turn    (no ring)
                     (no ring)

%: no passive effects
@: mighty
A: almost no armour, amphibious, 8 rings, camouflage 1, gelatinous body 1,
(nimble swimmer 1), tentacles
a: Renounce Religion


You were on level 4 of the Dungeon.
You worshipped Vehumet.
Vehumet was noncommittal.
You visited 1 branch of the dungeon, and saw 4 of its levels.

You collected 178 gold pieces.

Inventory:

Hand Weapons
 b - a +1 dagger of speed (weapon)
Scrolls
 c - 4 scrolls of identify {unknown}
 f - a scroll of blinking {unknown}
 g - a scroll of noise {unknown}
 h - a scroll of summoning {unknown}
 i - a scroll of silence {unknown}
 j - 2 scrolls of teleportation {unknown}
 m - a scroll of amnesia {unknown}
 o - a scroll of acquirement {unknown}
Potions
 a - a potion of magic
 d - a potion of heal wounds {unknown}
 e - a potion of curing {unknown}
 l - a potion of haste {unknown}
 n - a potion of berserk rage {unknown}


   Skills:
 + Level 2.7 Fighting
 - Level 2.1 Dodging
 - Level 2.9 Stealth
 + Level 3.4 Spellcasting
 + Level 5.1 Conjurations
 + Level 1.8 Translocations


You had 4 spell levels left.
You knew the following spells:

 Your Spells              Type           Power      Damage    Failure   Level
a - Magic Dart            Conj           100%       1d8       1%          1
b - Searing Ray           Conj           52%        2d6       2%          2
c - Iskenderun's Mystic   Conj/Tloc      19%        2d6       28%         4

Your spell library contained the following spells:

 Spells                   Type           Power      Damage    Failure   Level
 Dazzling Flash           Conj/Hex       30%        N/A       12%         3
 Fulminant Prism          Conj/Hex       7%         3d6       38%         4


Dungeon Overview and Level Annotations

Branches:
Dungeon (4/15)
 Temple: D:4-7

Altars:
Vehumet

Shops:
D:2 =

Annotations:
D:4 Ijyb


Innate Abilities, Weirdness & Mutations

You cannot wear most types of armour.
You are amphibious.
You can wear up to eight rings at the same time.
Your skin changes colour to match your surroundings (Stealth+).
Your rubbery body absorbs attacks. (AC +1, EV +1)
((You are camouflaged when in or above water. (Stealth+)))
You have tentacles for arms and can constrict up to eight enemies at once.


Message History

Aiming: Magic Dart (safe; 1% risk of failure)
Press: ? - help, Shift-Dir - straight line, f/p - Ijyb
Aim: Ijyb, wielding a +0 club, wearing a +0 chain mail and carrying a wand of mindburst (12) (100% to hit)
The magic dart hits Ijyb.
Ijyb is lightly wounded.
Casting: Magic Dart (safe; 1% risk of failure)
Confirm with . or Enter, or press ? or * to list all spells.
Aiming: Magic Dart (safe; 1% risk of failure)
Press: ? - help, Shift-Dir - straight line, f/p - Ijyb
Aim: Ijyb, wielding a +0 club, wearing a +0 chain mail and carrying a wand of mindburst (12) (lightly wounded, 100% to hit)
The magic dart hits Ijyb but does no damage.
Ijyb is lightly wounded.
Ijyb screams, "I dance on your bones!" Ijyb hits you with a +0 club.
Casting: Magic Dart (safe; 1% risk of failure)
Confirm with . or Enter, or press ? or * to list all spells.
Aiming: Searing Ray (safe; 2% risk of failure)
Press: ? - help, Shift-Dir - straight line, f/p - Ijyb
Aim: Ijyb, wielding a +0 club, wearing a +0 chain mail and carrying a wand of mindburst (12) (lightly wounded, 79% to hit)
The searing ray misses Ijyb. (Press . to maintain the ray.) Ijyb zaps a wand.
Your mind is blasted!
The searing ray hits Ijyb.
Ijyb is moderately wounded.
Ijyb zaps a wand.
Your mind is blasted!
The searing ray hits Ijyb.
Ijyb is heavily wounded.
Ijyb barely misses you.
The searing ray hits Ijyb but does no damage.
Ijyb is heavily wounded.
You finish channelling your searing ray.
Ijyb closely misses you.
It was a potion of might.
You feel very mighty all of a sudden.
Ijyb zaps a wand.
Your mind is blasted!
* * * LOW HITPOINT WARNING * * *
You hit Ijyb. You grab Ijyb. You squeeze Ijyb.
Ijyb is severely wounded.
You constrict Ijyb, but do no damage. Ijyb hits you with a +0 club!
You die...

.. ..................#
.###############'#####'#####
.#..........##.....##......#
.#..........#.......#......#
.'..........#.......#......#
.#..........'..._...'.....>#
.#...##.....#.......#......#
<#...##.....#.......#......#
.#...#########..@..##.....##
.#...# ###g########## .#....
.... .#.(... .......
##...).. .........#
####.##.## ## +#


You could see Ijyb.

Vanquished Creatures
  An ogre (D:3)
  A phantom (D:4)
  2 adders (D:2)
  A worm (D:3)
  2 dart slugs (D:2)
  5 orcs
  5 bats (D:1)
  7 endoplasms
  3 giant cockroaches
  7 goblins
  6 hobgoblins
  A quokka (D:2)
  5 ball pythons
  6 frilled lizards
  10 kobolds
  7 rats
69 creatures vanquished.

Notes
Turn   | Place    | Note
-------+----------+-------------------------------------------
     0 | D:1      | Ijustatesigmund the Octopode Conjurer began the quest for
                  | the Orb.
     0 | D:1      | Reached XP level 1. HP: 11/11 MP: 3/3
   241 | D:1      | Reached XP level 2. HP: 17/17 MP: 0/5
   244 | D:1      | Learned a level 2 spell: Searing Ray
   956 | D:1      | Reached skill level 1 in Fighting
   960 | D:1      | Reached XP level 3. HP: 23/23 MP: 1/6
  1442 | D:2      | Found Tycal's One-of-a-Kind Rings.
  1907 | D:2      | Reached XP level 4. HP: 28/28 MP: 4/8
  1997 | D:2      | Learned a level 4 spell: Iskenderun's Mystic Blast
  2922 | D:3      | Noticed an ogre
  2937 | D:3      | Killed an ogre
  2938 | D:3      | Reached skill level 1 in Translocations
  2938 | D:3      | Reached XP level 5. HP: 35/35 MP: 1/9
  3360 | D:4      | Noticed a phantom
  3376 | D:4      | Killed a phantom
  3377 | D:4      | Reached skill level 5 in Conjurations
  3377 | D:4      | Reached XP level 6. HP: 31/41 MP: 0/11
  3547 | D:4      | Found a radiant altar of Vehumet.
  3553 | D:4      | Became a worshipper of Vehumet
  3584 | D:4      | Noticed Ijyb
  3594 | D:4      | HP: 2/41 [disintegration (11)]
  3595 | D:4      | Slain by Ijyb

Illustrated notes

Levels and vault maps discovered:
D:1:      eino_arrival_cavern_d, layout_basic, hangedman_decor_peaks_small,
          hangedman_decor_opposing
D:2:      layout_rooms, grunt_decor_one_mirror, nicolae_shop_unique_rings
D:3:      layout_rooms, serial_park_tiny_2, chequers_serial_rivers_micro_b
D:4:      layout_gridville, nicolae_vehumet_altar_sigil, kennysheep_mini,
          nicolae_sif_muna_little_library, uniq_ijyb

Skill      XL: |  1  2  3  4  5 |
---------------+----------------+-----
Fighting       | 1 2 |  2.7
Spellcasting   | 3 |  3.4
Translocations | 1 |  1.8
Conjurations   | 5 |  5.1
Dodging        | |  2.1
Stealth        | |  2.9

Action                     |  1- 3 |  4- 6 || total
---------------------------+-------+-------++-------
  Melee: Unarmed           |     6 |       ||     6
         Tentacles         |     5 |     2 ||     7
         Constrict         |     4 |     1 ||     5
         Dagger            |     6 |     9 ||    15
   Cast: Magic Dart        |    72 |    60 ||   132
         Searing Ray       |       |     3 ||     3
    Use: Potion            |       |     1 ||     1
 Armour: Skin              |     1 |       ||     1
  Dodge: Dodged            |     7 |     6 ||    13
